 Dungeon Sprint DCSS version 0.30.1-11-g7821555f0a (webtiles) character file.

Game seed: 1040727235781867693

2846 Groucho the Unseen (level 9, -5/47 HPs)
             Began as a Spriggan Enchanter on Dec 8, 2023.
             Was a Follower of Dithmenos.
             Killed from afar by an iron elemental (52 damage)
             ... with a spray of metal splinters
             ... in the Dungeon (Sprint II: "The Violet Keep of Menkaure").
             The game lasted 00:09:02 (401 turns).

Groucho the Unseen (Spriggan Enchanter)              Turns: 401, Time: 00:09:02

Health: -5/47      AC:  2    Str:  4    XL:     9   Next: 46%
Magic:  17/17      EV: 17    Int: 21    God:    Dithmenos [*.....]
Gold:   496        SH:  0    Dex: 15    Spells: 3/18 levels left

rFire   . . .        a - +1 dagger
rCold   . . .        (no shield)
rNeg    . . .        b - +0 robe
rPois   .            (helmet restricted)
rElec   .            (no cloak)
rCorr   .            (gloves unavailable)
SInv    +            (boots unavailable)
Will    +....        (no amulet)
Stlth   +++++++      (no ring)
HPRegen 0.27/turn    (no ring)
MPRegen 0.15/turn

%: no teleportation
@: flying, wreathed by umbra, invisible, very quick
A: very small, no large weapons, unfitting armour, see invisible, speed 3
a: Renounce Religion


You were in the Dungeon.
You worshipped Dithmenos.
Dithmenos was aware of your devotion.
You visited 1 branch You collected 895 gold pieces.
You spent 399 gold pieces at shops.

Inventory:

Hand Weapons
 a - a +1 dagger (weapon)
Armour
 b - a +0 robe (worn)
Scrolls
 i - a scroll of blinking
 j - a scroll of identify {unknown}
Potions
 d - a potion of curing
 e - a potion of heal wounds
 g - 2 potions of magic
 h - 4 potions of berserk rage


   Skills:
 - Level 5.0 Fighting
 - Level 5.0 Short Blades
 - Level 2.6 Dodging
 - Level 15.0 Stealth
 - Level 5.0 Spellcasting
 - Level 5.0 Conjurations
 - Level 14.0 Hexes
 + Level 9.0 Transmutations
 * Level 9.6 Earth Magic


You had 3 spell levels left.
You knew the following spells:

 Your Spells              Type           Power      Damage    Failure   Level
a - Ensorcelled Hibernat  Hex/Ice        68%        N/A       1%          2
b - Confusing Touch       Hex            59%        N/A       1%          3
c - Dazzling Flash        Conj/Hex       90%        N/A       1%          3
d - Tukima's Dance        Hex            59%        N/A       1%          3
e - Petrify               Tmut/Erth      44%        N/A       2%          4

Your spell library contained the following spells:

 Spells                   Type           Power      Damage    Failure   Level
 Metabolic Englaciation   Hex/Ice        17%        N/A       17%         5
 Statue Form              Tmut/Erth      29%        N/A       34%         6


Dungeon Overview and Level Annotations

Branches:
Dungeon (1/1)

Altars:
Cheibriados
Dithmenos
Elyvilon
Fedhas
Gozag
Hepliaklqana
Kikubaaqudgha
Makhleb
Nemelex Xobeh
Okawaru
Qazlal
Ru
Sif Muna
Trog
Uskayaw
Vehumet
Wu Jian
Xom
Yredelemnul
Zin
The Shining One
Jiyva
Lugonu

Shops:
D [[:[=!(=:*??!!(

Annotations:
D exclusion: oklob plant


Innate Abilities, Weirdness & Mutations

You are very small and have problems with some larger weapons.
You are too small for most types of armour.
You have supernaturally acute eyesight. (SInv)
You cover ground extremely quickly. (Speed+++)


Message History

There is an open door here.
You fade into invisibility!
You feel very buoyant.
You fly up into the air.
A deep elf master archer comes into view.
The helpless deep elf master archer fails to defend itself.
You stick the deep elf master archer like a pincushion!!!!
You kill the deep elf master archer!
Dithmenos accepts your kill.
Training target 5.0 for Conjurations reached!
Your Conjurations skill increases to level 5!
Your Transmutations skill gained 4 levels and is now at level 9!
Your Earth Magic skill gained 4 levels and is now at level 9!
You have reached level 9!
Your experience leads to an increase in your attributes!
Increase (S)trength, (I)ntelligence, or (D)exterity?
You feel clever. x2
Unknown command.
Unknown command.
Things that are here:
a +0 longbow; a +0 leather armour You reach down and open the door.
An iron elemental comes into view.
Found 81 gold pieces, an ivory wand and a robe.
There is an open door here.
You strike the helpless iron elemental from behind!
You impale the iron elemental!!
The iron elemental is moderately damaged.
You hit the iron elemental but do no damage.
The iron elemental is moderately damaged.
The iron elemental closely misses you.
You catch the helpless iron elemental completely off-guard!
You impale the iron elemental!!
The iron elemental is heavily damaged.
You hit the iron elemental but do no damage.
The iron elemental is heavily damaged.
The iron elemental gestures at you.
The spray of metal splinters hits you!!!
Ouch! That really hurt!
You die...

##++## # ##≈...### ~## #)≈.....#
##~~#+++ ####....# #~~~... ..
#$.@....# #~~~~.##+##..#[E####.#
#~~~~##...##.####..'.###
#~~~~#.)#..# ...#..#...#
#~~####...####..#####..# ?!?
#~##.###'###.##..#..'..# ▓(?:?[
#~#...##.##.÷.#..#..#..# ▓$$$=[
'~'.##'.<.'.##'†.####..### ▓!?(::
#~###.##.##...#....###...##▓▓▓▓▓▓


You could see an iron elemental (unable to see you).

Vanquished Creatures
  A deep elf master archer (D)
  A great orb of eyes (D)
  A merfolk siren (D)
  2 wyverns (D)
  Menkaure (D)
  A water moccasin (D)
  4 necrophages (D)
  3 worms (D)
  A spectral bat (D)
  A spectral quokka (D)
16 creatures vanquished.

Notes
Turn   | Place    | Note
-------+----------+-------------------------------------------
     0 | D        | Groucho the Spriggan Enchanter began the quest for the Orb.
     0 | D        | Reached XP level 1. HP: 9/9 MP: 5/5
     7 | D        | Reached skill level 5 in Stealth
     8 | D        | Reached skill level 1 in Fighting
    12 | D        | Reached skill level 6 in Stealth
    12 | D        | Reached XP level 2. HP: 11/14 MP: 7/7
    15 | D        | Noticed a merfolk siren
    18 | D        | Noticed a necrophage
    18 | D        | Noticed a necrophage
    18 | D        | Noticed a necrophage
    18 | D        | Noticed a necrophage
    21 | D        | Killed a necrophage
    22 | D        | Reached skill level 9 in Stealth
    22 | D        | Reached skill level 5 in Hexes
    22 | D        | Reached XP level 3. HP: 16/18 MP: 8/8
    22 | D        | Reached XP level 4. HP: 21/23 MP: 9/9
    22 | D        | Killed a necrophage
    23 | D        | Reached skill level 5 in Short Blades
    23 | D        | Reached skill level 12 in Stealth
    24 | D        | Killed a necrophage
    25 | D        | Reached skill level 15 in Stealth
    25 | D        | Reached XP level 5. HP: 24/26 MP: 10/10
    43 | D        | Killed a merfolk siren
    44 | D        | Reached skill level 5 in Fighting
    44 | D        | Reached skill level 5 in Spellcasting
    44 | D        | Reached XP level 6. HP: 33/35 MP: 10/14
    44 | D        | Reached XP level 7. HP: 36/39 MP: 10/15
    51 | D        | Noticed a wyvern
    51 | D        | Noticed a wyvern
    54 | D        | Killed a wyvern
    57 | D        | Killed a wyvern
    71 | D        | Found Asifig's Antique Weapon Shop.
    71 | D        | Found Archublif's Distillery.
    71 | D        | Found Joffusche's Magic Scroll Shop.
    71 | D        | Found Hotolean's Magic Scroll Shop.
    71 | D        | Found Wesic's Book Boutique.
    71 | D        | Found Fyoji's General Store.
    71 | D        | Found Necvudeu's Jewellery Shop.
    72 | D        | Found Coj Qutol's Weapon Shop.
    76 | D        | Learned a level 2 spell: Ensorcelled Hibernation
    80 | D        | Learned a level 3 spell: Confusing Touch
    84 | D        | Learned a level 3 spell: Dazzling Flash
    88 | D        | Learned a level 3 spell: Tukima's Dance
    88 | D        | Found Mamiz's Distillery.
    88 | D        | Found Betav's Distillery.
    88 | D        | Noticed Menkaure
    88 | D        | Noticed a shining eye
   105 | D        | Killed Menkaure
   107 | D        | Found Bidipnom's Jewellery Shop.
   107 | D        | Found Wofiopso's Antique Armour Boutique.
   107 | D        | Noticed a shining eye
   107 | D        | Noticed a shining eye
   107 | D        | Noticed an oklob plant
   108 | D        | Found Daasmuub's Antique Armour Shop.
   108 | D        | Found Yla Cischygg's Antique Armour Boutique.
   108 | D        | Found Luofiosh's Book Shoppe.
   111 | D        | Noticed a slime creature
   114 | D        | Noticed a slime creature
   134 | D        | Bought a book of Sloth for 360 gold pieces
   139 | D        | Learned a level 4 spell: Petrify
   149 | D        | Noticed an unseen horror
   153 | D        | Noticed a slime creature
   154 | D        | Noticed an unseen horror
   300 | D        | Bought a potion of flight for 39 gold pieces
   319 | D        | Reached XP level 8. HP: 43/43 MP: 13/16
   321 | D        | Found a blossoming altar of Fedhas.
   322 | D        | Found a white marble altar of Elyvilon.
   323 | D        | Found a shadowy altar of Dithmenos.
   323 | D        | Found a corrupted altar of Lugonu.
   323 | D        | Found an opulent altar of Gozag.
   323 | D        | Found a burning altar of Makhleb.
   324 | D        | Found a snail-covered altar of Cheibriados.
   324 | D        | Found an ancient bone altar of Kikubaaqudgha.
   324 | D        | Found a bloodstained altar of Trog.
   325 | D        | Found a viscous altar of Jiyva.
   325 | D        | Found a shimmering blue altar of Sif Muna.
   326 | D        | Found a hazy altar of Hepliaklqana.
   326 | D        | Found a sacrificial altar of Ru.
   327 | D        | Found a shimmering altar of Xom.
   328 | D        | Found a stormy altar of Qazlal.
   328 | D        | Found an ornate altar of the Wu Jian Council.
   328 | D        | Found a sparkling altar of Nemelex Xobeh.
   328 | D        | Found a hide-covered altar of Uskayaw.
   328 | D        | Found a basalt altar of Yredelemnul.
   328 | D        | Found a glowing golden altar of the Shining One.
   329 | D        | Found a radiant altar of Vehumet.
   329 | D        | Found an iron altar of Okawaru.
   329 | D        | Found a glowing silver altar of Zin.
   332 | D        | Became a worshipper of Dithmenos the Shadowed
   372 | D        | Noticed a great orb of eyes
   374 | D        | Killed a great orb of eyes
   374 | D        | Reached * piety under Dithmenos
   375 | D        | Reached skill level 5 in Transmutations
   375 | D        | Reached skill level 5 in Earth Magic
   386 | D        | Noticed a deep elf master archer
   391 | D        | Killed a deep elf master archer
   392 | D        | Reached skill level 5 in Conjurations
   392 | D        | Reached XP level 9. HP: 47/47 MP: 17/17
   396 | D        | Noticed an iron elemental
   401 | D        | Killed from afar by an iron elemental

Illustrated notes

Levels and vault maps discovered:
D:        the_violet_keep_of_menkaure [sprint2_stairs_cluster_1,
          sprint2_shoproom, sprint2_temple, sprint2_basic_supplies,
          sprint2_obstacle_3, sprint2_obstacle_5, sprint2_obstacle_4,
          sprint2_obstacle_2, sprint2_obstacle_1, sprint2_timed_cluster_1,
          sprint2_smallroom_cluster_1, sprint2_smallroom_final_cluster_1,
          sprint2_transparent_cluster_1, sprint2_second_timed_cluster_1,
          sprint2_sniper_area_1, sprint2_heavy_combat_area_1,
          sprint2_mutation_trap_area_1, sprint2_forest_area_1,
          sprint2_light_combat_area_1, sprint2_behind_water_1,
          sprint2_near_end_vault_1]

Skill      XL: |  1  2  3  4  5  6  7  8 |
---------------+-------------------------+-----
Stealth        | 6 9 15 | 15.0
Spellcasting   | 3 5 |  5.0
Fighting       | 1 2 5 |  5.0
Short Blades   | 2 4 5 |  5.0
Hexes          | 4 5 11 14 | 14.0
Conjurations   | 2 5 |  5.0
Transmutations | 2 9 |  9.0
Earth Magic    | 2 9 |  9.6
Dodging        | |  2.6

Action                     |  1- 3 |  4- 6 |  7- 9 || total
---------------------------+-------+-------+-------++-------
  Melee: Dagger            |     5 |    12 |    31 ||    48
   Cast: Confusing Touch   |       |       |     2 ||     2
         Ensorcelled Hiber |       |       |     1 ||     1
    Use: Potion            |     2 |       |     2 ||     4
   Stab: Sleeping          |     3 |     3 |     5 ||    11
         Invisible         |     2 |     1 |     2 ||     5
         Confused          |       |       |     1 ||     1
 Armour: Robe              |       |       |     2 ||     2
  Dodge: Dodged            |       |     4 |    21 ||    25
